 Dungeon Crawl Stone Soup version 0.29-a0-330-g52719c12eb (webtiles) character file.

Game seed: 13670208548298301471

121 kae the Firebug (level 4, -1/35 HPs)
             Began as a Demigod Fire Elementalist on Apr 22, 2022.
             Slain by an iguana (5 damage)
             ... on level 4 of the Dungeon.
             The game lasted 00:01:52 (3498 turns).

kae the Firebug (Demigod Fire Elementalist)         Turns: 3498, Time: 00:01:52

Health: -1/35      AC:  4    Str:  9    XL:     4   Next: 49%
Magic:  4/10       EV: 12    Int: 21    God:
Gold:   212        SH:  0    Dex: 14    Spells: 1/7 levels left

rFire   . . .      SeeInvis .   g - +3 dagger (venom)
rCold   . . .      Faith    .   (no shield)
rNeg    . . .      Spirit   .   a - +0 robe
rPois   .          Reflect  .   (no helmet)
rElec   .          Harm     .   (no cloak)
rCorr   .          Rampage  .   h - +1 pair of gloves
Will    .....                   (no boots)
Stlth   ++........              (no amulet)
HPRegen 0.11/turn               (no ring)
MPRegen 0.12/turn               (no ring)

@: very slightly contaminated
A: high MP 1, forlorn, divine attributes
a: no special abilities


You were on level 4 of the Dungeon.
You visited 1 branch of the dungeon, and saw 4 of its levels.

You collected 212 gold pieces.

Inventory:

Hand Weapons
 d - a +0 whip
 g - a +3 dagger of venom (weapon)
Armour
 a - a +0 robe (worn)
 h - a +1 pair of gloves (worn)
Scrolls
 c - a scroll of identify
 i - 2 scrolls of teleportation
Potions
 b - a potion of magic
 e - a potion of might
 f - 2 potions of curing
 j - 2 potions of flight
 k - 2 potions of invisibility
 l - a potion of attraction
 n - a potion of haste {unknown}


   Skills:
 + Level 1.5 Fighting
 - Level 1.7 Dodging
 - Level 1.7 Stealth
 + Level 2.4 Spellcasting
 + Level 1.9 Conjurations
 * Level 3.8 Fire Magic


You had one spell level left.
You knew the following spells:

 Your Spells              Type           Power      Damage    Failure   Level
a - Foxfire               Conj/Fire      56%        2x1d6     4%          1
b - Scorch                Fire           36%        2d6       4%          2
c - Conjure Flame         Conj/Fire      14%        6-21      13%         3

Your spell library contained the following spells:

 Spells                   Type           Power      Damage    Failure   Level
 Inner Flame              Hex/Fire       10%        N/A       19%         3
 Ensorcelled Hibernation  Hex/Ice        4%         N/A       22%         2
 Passwall                 Tmut/Erth      1%         N/A       22%         2
 Portal Projectile        Hex/Tloc       4%         N/A       38%         3
 Swiftness                Air            2%         N/A       38%         3
 Flame Wave               Conj/Fire      14%        2d6       38%         4
 Blade Hands              Tmut           1%         N/A       98%         5
 Excruciating Wounds      Necr           1%         N/A       98%         5


Dungeon Overview and Level Annotations

Branches:
Dungeon (4/15)
 Temple: D:4-7


Innate Abilities, Weirdness & Mutations

You have an increased reservoir of magic. (+10% MP)
You shall have no god before yourself.
Your divine heritage dramatically boosts your attributes as you level up.


Message History

The iguana is lightly wounded.
The foxfire hits the iguana but does no damage.
The iguana is lightly wounded.
The iguana bites you but does no damage.
An iguana is nearby!
Casting: Foxfire (safe; 4% risk of failure)
Confirm with . or Enter, or press ? or * to list all spells.
You miscast Foxfire.
You are very lightly contaminated with residual magic.
Nothing appears to happen.
The iguana bites you but does no damage.
An iguana is nearby!
Casting: Foxfire (safe; 4% risk of failure)
Confirm with . or Enter, or press ? or * to list all spells.
You conjure some foxfire!
The iguana bites you!
The foxfire hits the iguana.
The iguana is heavily wounded.
The foxfire hits the iguana.
The iguana is heavily wounded.
The iguana bites you!
An iguana is nearby!
Casting: Foxfire (safe; 4% risk of failure)
Confirm with . or Enter, or press ? or * to list all spells.
You conjure some foxfire!
The iguana bites you.
* * * LOW HITPOINT WARNING * * *
The foxfire hits the iguana.
The iguana is heavily wounded.
The foxfire hits the iguana but does no damage.
The iguana is heavily wounded.
The iguana bites you.
* * * LOW HITPOINT WARNING * * *
Casting: Foxfire (safe; 4% risk of failure)
Confirm with . or Enter, or press ? or * to list all spells.
You conjure some foxfire!
The iguana barely misses you.
The foxfire hits the iguana.
The iguana is heavily wounded.
The foxfire hits the iguana.
The iguana is severely wounded.
The iguana bites you.
You die...

#... #... ..† )##
..# # ...... #..#
### ...... ...## ..
...... ##l...## .
......####@.....#
#..#....##.§§.#....
.. #........##.. .
##.# ##...>......#
#..# ##...#....##
####.# #..####..#
.....## ##..# ..#
#.....#####..## .##
####........## .#


You could see an iguana.

Vanquished Creatures
  4 adders
  A worm (D:2)
  2 dart slugs
  2 orcs
  7 ball pythons
  7 bats
  5 endoplasms
  6 giant cockroaches
  11 goblins
  8 hobgoblins
  8 kobolds
  2 quokkas
  4 frilled lizards
  3 rats
70 creatures vanquished.

Vanquished Creatures (others)
  152 foxfires
152 creatures vanquished.

Grand Total: 222 creatures vanquished

Notes
Turn   | Place    | Note
-------+----------+-------------------------------------------
     0 | D:1      | kae the Demigod Fire Elementalist began the quest for the
                  | Orb.
     0 | D:1      | Reached XP level 1. HP: 14/14 MP: 5/5
    53 | D:1      | Reached skill level 1 in Conjurations
   355 | D:1      | Reached XP level 2. HP: 22/22 MP: 5/7
   439 | D:1      | Reached skill level 3 in Fire Magic
  1357 | D:1      | Reached XP level 3. HP: 26/27 MP: 6/8
  1408 | D:2      | Reached skill level 1 in Fighting
  1888 | D:2      | Identified the +6 hand axe of Wyomaxio {flame, rF+ Dex+4}
  2287 | D:2      | Identified a scroll of acquirement
  2287 | D:2      | Acquired a book of Burglary
  2293 | D:2      | Learned a level 2 spell: Scorch
  2297 | D:2      | Learned a level 3 spell: Conjure Flame
  2589 | D:3      | Reached XP level 4. HP: 31/35 MP: 6/10
  3498 | D:4      | Slain by an iguana

Illustrated notes

Levels and vault maps discovered:
D:1:      shiori_arrival_oz, layout_basic, minmay_misc_feat_cross,
          minmay_pentomino_x4
D:2:      wad_river_or_something, layout_loops_ring
D:3:      layout_rooms, minmay_misc_feat_roman, kennysheep_nondescript
D:4:      layout_layer_cave, kennysheep_orc_chapel

Skill      XL: |  1  2  3 |
---------------+----------+-----
Conjurations   | 1 |  1.9
Fire Magic     | 3 |  3.8
Spellcasting   | 2 |  2.4
Fighting       | 1 |  1.5
Dodging        | |  1.7
Stealth        | |  1.7

Action                   |  1- 3 |  4- 6 || total
-------------------------+-------+-------++-------
Melee: Whip              |     9 |       ||     9
       Dagger            |    69 |       ||    69
 Cast: Foxfire           |    53 |    46 ||    99
       Scorch            |     1 |       ||     1
  Use: Scroll            |     9 |     3 ||    12
 Stab: Sleeping          |     8 |       ||     8
Armor: Robe              |    21 |     3 ||    24
Dodge: Dodged            |    61 |     3 ||    64

Table legend: (Time is in decaauts)
 A = Elapsed time spent in this place.
 B = Non-inter-level travel time spent in this place.
 C = Inter-level travel time spent in this place.
 D = Time resting spent in this place.
 E = Time spent auto-exploring this place.
 F = Levels seen in this place.
 G = Mean time per level.
                   A        B        C        D        E       F      G
               +--------+--------+--------+--------+--------+-----+--------+
         Total |   3501 |   3393 |    108 |      0 |   2869 |   4 |  875.2 |
       Dungeon |   3501 |   3393 |    108 |      0 |   2869 |   4 |  875.2 |
               +--------+--------+--------+--------+--------+-----+--------+

Top non-repeatable levels by time:
     D:1: 1402 daAuts
     D:2: 958 daAuts
     D:3: 860 daAuts
     D:4: 279 daAuts
